[Event "*** Titled Tuesday Blitz"]
[Site "Chess.com"]
[Date "2021.03.09"]
[Round "5"]
[White "Szparu"]
[Black "BigAl"]
[Result "1-0"]
[WhiteElo "2656"]
[BlackElo "2503"]
[TimeControl "180+1"]
[EndTime "10:58:52 PST"]
[Termination "Szparu won by resignation"]

1. d4 g6 2. e4 Bg7 3. Nf3 d6 4.
Bc4 a6 5. Bb3 e6 6. O-O Ne7 7. Re1 b6 8. Nbd2 Nd7 9. Nf1 Bb7 10.
c3 O-O 11. Ng3 c5 12. Be3 Nf6 13. Bc2 cxd4 14. cxd4 Rc8 15. h3 Qc7 16. Bd3 d5 17. e5 Ne4 18. Qb1 Nxg3 19. fxg3 Nc6 20. a3 Na5 21. Qd1 Nc4 22. Bc1 b5 23. b3 Nb6 24. Bd2 Qd7 25. Ba5 Rc6 26. Qd2 Rfc8 27. g4 Bf8 28. h4 Qe7 29. Kh2 Nd7 30. h5 Qe8 31. Rh1 Bg7 32. hxg6 hxg6 33. g5 Nf8 34. Kg3 Qd7 35. Nh2 Nh7 36. Ng4 Qe7 37. Nf6+ Nxf6 38.
gxf6 Bxf6 39. Qh6 Bg7 40. Qh7+ Kf8 41. Bb4 Rc3 42. Bxe7+ Kxe7 43. Rad1 Bf8 44. Rhf1 1-0

[Event "*** Titled Tuesday Blitz"]
[Site "Chess.com"]
[Date "2021.03.09"]
[Round "5"]
[White "FMJoseHerrera"]
[Black "Fy_Rakotomaharo"]
[Result "1/2-1/2"]
[WhiteElo "2529"]
[BlackElo "2708"]
[TimeControl "180+1"]
[EndTime "10:58:53 PST"]
[Termination "Game drawn by repetition"]

1. Nf3 c5 2. g3 Nc6 3. Bg2 e5 4. O-O g6 5. e4 Bg7 6. d3 Nge7 7.
Be3 d6 8. Qd2 O-O 9. Bh6 d5 10.
Bxg7 Kxg7 11. exd5 Nxd5 12. Re1 f6 13. Nc3 Be6 14. Ne4 b6 15. Rad1 Qd7 16. h4 Bg4 17. c3 Rad8 18. Qc1 Qf5 19. Ned2 Qxd3 20. Nf1 Qa6 21. Nxe5 Nxe5 22. Rxd5 Rxd5 23. Bxd5 Nf3+ 24. Bxf3 Bxf3 25. Re7+ Rf7 26. Rxf7+ Kxf7 27. Qh6 Kg8 28. Qf4 Be2 29. Ne3 Qxa2 30. Qxf6 Qf7 31. Qd8+ Kg7 32. Qd2 Bf3 33. Qd6 Ba8 34. Qb8 Qb7 35. Qe5+ Kg8 36.
Kf1 Qh1+ 37. Ke2 Bf3+ 38. Kd2 Qb1 39. Qe6+ Kg7 40. Qe7+ Kg8 41. Qe6+ Kg7 42. Qe7+ Kg8 43. Qe6+ 1/2-1/2

[Event "*** Titled Tuesday Blitz"]
[Site "Chess.com"]
[Date "2021.03.09"]
[Round "5"]
[White "CroissantNeuf"]
[Black "Kale36"]
[Result "1-0"]
[WhiteElo "2507"]
[BlackElo "2316"]
[TimeControl "180+1"]
[EndTime "10:58:53 PST"]
[Termination "CroissantNeuf won by checkmate"]

1. e4 c6 2. d4 d5 3. e5 c5 4.
Nf3 Nc6 5. dxc5 Bg4 6. c3 Bxf3 7. Qxf3 Nxe5 8. Bb5+ Nc6 9. Bf4 Nf6 10. O-O e6 11. b4 Be7 12. Re1 O-O 13. Nd2 a5 14. a3 Rc8 15. Nb3 axb4 16. axb4 Ne4 17.
Bxc6 bxc6 18. Ra6 Bf6 19. Bd2 e5 20. Qd3 Nxd2 21. Qxd2 e4 22. Nd4 Qd7 23. Rea1 Bxd4 24. Qxd4 Rfe8 25. b5 cxb5 26. Rd6 Ra8 27. Rxa8 Rxa8 28.
h3 Qf5 29. Rxd5 Qc8 30. Rd7 h6 31. Qd5 Qe8 32. c6 Rc8 33. c7 Kh7 34. Qf5+ g6 35.
Rxf7+ Kh8 36. Qf6+ Kg8 37. Qg7# 1-0

[Event "*** Titled Tuesday Blitz"]
[Site "Chess.com"]
[Date "2021.03.09"]
[Round "5"]
[White "noblerone"]
[Black "AttackSparrow"]
[Result "0-1"]
[WhiteElo "2390"]
[BlackElo "2533"]
[TimeControl "180+1"]
[EndTime "10:58:54 PST"]
[Termination "AttackSparrow won on time"]

1. d4 Nf6 2. Nf3 g6 3. Bg5 Bg7 4. Nbd2 d5 5. e3 a6 6. a4 c5 7. c3 Nc6 8. Be2 h6 9. Bh4 g5 10. Bg3 Bf5 11. Ne5 Nxe5 12. Bxe5 Qd7 13. dxc5 Rc8 14. b4 O-O 15. Rc1 Rfe8 16. O-O Qe6 17.
Bd4 Qd7 18. Nf3 Ne4 19. Bxg7 Kxg7 20. Nd4 Bg6 21. c6 bxc6 22. Bxa6 Rb8 23. b5 c5 24. Nf3 f6 25. a5 Red8 26. Qe2 e5 27. Rfd1 Qe6 28. b6 c4 29. Bb5 Qc8 30. Qb2 Qc5 31. Ra1 Nd6 32. Ba4 Qxa5 33. Bc2 Qxb6 34. Qxb6 Rxb6 35.
Ra7+ Rb7 36. Rxb7+ Nxb7 37. Bxg6 Kxg6 38. Kf1 Nc5 39.
Ra1 Rb8 40. Rd1 Nd3 41. Nd2 Rb2 42. g3 g4 43. Kg2 e4 44. Kf1 h5 45. Kg2 Kg5 46. Kf1 h4 47. Kg2 h3+ 48. Kf1 f5 49. Kg1 Ne5 50. Nf1 Nf3+ 51. Kh1 Rxf2 0-1

[Event "*** Titled Tuesday Blitz"]
[Site "Chess.com"]
[Date "2021.03.09"]
[Round "5"]
[White "FMOlexandrProhorov"]
[Black "Michaelson_11"]
[Result "0-1"]
[WhiteElo "2109"]
[BlackElo "2274"]
[TimeControl "180+1"]
[EndTime "10:58:55 PST"]
[Termination "Michaelson_11 won by checkmate"]

1. e4 c5 2. c3 Nf6 3. e5 Nd5 4.
d4 Nc6 5. Nf3 cxd4 6. Bc4 e6 7.
cxd4 d6 8. O-O Be7 9. Qe2 O-O 10.
Nc3 Nxc3 11. bxc3 Qa5 12. exd6 Bxd6 13. Bd2 b6 14. Bd3 g6 15. Qe4 Bb7 16. Qh4 Be7 17.
Qh6 f5 18. Rfe1 Nd8 19. Ng5 Bxg5 20. Bxg5 Qd5 21. f3 Rc8 22. Rac1 Rxc3 23. Rxc3 Qxd4+ 24. Be3 Qxc3 25. Rd1 Nf7 26. Qh4 Rd8 27. Qe7 Rxd3 28.
Rc1 Qb2 29. Qxb7 Rxe3 30. Rc8+ Kg7 31. h4 Re1+ 32. Kh2 Qe5+ 33. g3 Re2+ 34. Kh3 Qb2 35. g4 Rh2+ 36. Kg3 Qf2+ 37. Kf4 e5# 0-1

[Event "*** Titled Tuesday Blitz"]
[Site "Chess.com"]
[Date "2021.03.09"]
[Round "5"]
[White "SilviusTiberius"]
[Black "DanielDardha2005"]
[Result "1-0"]
[WhiteElo "2510"]
[BlackElo "2669"]
[TimeControl "180+1"]
[EndTime "10:58:56 PST"]
[Termination "SilviusTiberius won by resignation"]

1. e4 c5 2. Nf3 Nc6 3. d4 cxd4 4.
Nxd4 Nf6 5. Nc3 e6 6. Nxc6 bxc6 7. e5 Nd5 8. Ne4 Qa5+ 9. Bd2 Qc7 10. f4 f5 11. exf6 Nxf6 12. Nxf6+ gxf6 13. Qh5+ Ke7 14. O-O-O c5 15. Bc3 Qxf4+ 16. Kb1 Bg7 17. Qxc5+ d6 18. Qc7+ Bd7 19. g3 Qa4 20. Qxd6+ Ke8 21. Bg2 Rd8 22. Rhe1 Kf7 23. Rd4 Qb5 24. Red1 Rhe8 25. Qc7 Kg6 26. Rxd7 Rxd7 27. Rxd7 Bh6 28. Be4+ f5 29. Bd3 Qa4 30. Rg7+ Bxg7 31. Qxg7+ Kh5 32. Be2+ Qg4 33. Bxg4+ fxg4 34. Qxh7+ Kg5 35. Qg7+ Kf5 36. Qf7+ Kg5 37. Qxe8 Kf5 38. Qh5+ Ke4 39. Qxg4+ Kd5 40. Qd4+ Kc6 41. h4 a6 42. h5 Kb5 43. h6 e5 44. Qd5+ Ka4 45. b3+ 1-0

[Event "*** Titled Tuesday Blitz"]
[Site "Chess.com"]
[Date "2021.03.09"]
[Round "5"]
[White "MustafayevFarid2004"]
[Black "Mr_Sinigami"]
[Result "0-1"]
[WhiteElo "2437"]
[BlackElo "2601"]
[TimeControl "180+1"]
[EndTime "10:58:56 PST"]
[Termination "Mr_Sinigami won on time"]

1. d4 Nf6 2. c4 c5 3. d5 b5 4.
a4 b4 5. Nd2 d6 6. e4 g6 7. f4 Bg7 8. Ngf3 O-O 9. Bd3 e6 10. O-O exd5 11. cxd5 Ba6 12. Bxa6 Nxa6 13. Re1 Re8 14. Qc2 b3 15. Qxb3 Nb4 16. Qc4 Qe7 17. Ra3 Rab8 18. Rae3 Qd7 19. b3 Na2 20. Bb2 Ng4 21.
Bxg7 Nxe3 22. Rxe3 Kxg7 23. e5 dxe5 24. Nxe5 Qf5 25.
g4 Qf6 26. Rf3 Rb4 27. Qf1 Rd4 28. Ndc4 Nb4 29. d6 Nd5 30. d7 Rd8 31. f5 g5 32.
Rd3 Nf4 33. Rxd4 cxd4 34. Qd1 Qe6 35. Kf1 Qd5 0-1

[Event "*** Titled Tuesday Blitz"]
[Site "Chess.com"]
[Date "2021.03.09"]
[Round "5"]
[White "MaevskiyNikolay"]
[Black "Chernov_Mikhail"]
[Result "0-1"]
[WhiteElo "2515"]
[BlackElo "2402"]
[TimeControl "180+1"]
[EndTime "10:58:56 PST"]
[Termination "Chernov_Mikhail won on time"]

1. e4 c5 2. Nf3 Nc6 3. c3 Nf6 4. e5 Nd5 5. d4 cxd4 6. cxd4 d6 7. Bc4 e6 8. O-O Be7 9. a3 O-O 10. Qe2 dxe5 11. dxe5 Qc7 12. Rd1 Rd8 13. b4 b6 14.
h4 Bb7 15. Bg5 Bxg5 16. Bxd5 Bf4 17. Bxc6 Qxc6 18. Nbd2 Rd7 19. Nb3 Rad8 20. Rxd7 Qxd7 21. g3 Bh6 22. Nbd4 Qd5 23. Re1 Rc8 24. Rd1 g6 25. Rd3 Rc1+ 26. Kh2 Bg7 27. Nf5 Qc4 28.
Rd8+ Bf8 29. Qxc4 Rxc4 30. Nd6 Rc3 31. Ng5 Bd5 32. Ndxf7 Rxa3 33. h5 Ra1 34. g4 gxh5 35. gxh5 Kg7 36. h6+ Kg6 37. Rxf8 Rb1 0-1

[Event "*** Titled Tuesday Blitz"]
[Site "Chess.com"]
[Date "2021.03.09"]
[Round "5"]
[White "juancruzarias"]
[Black "Niktlt"]
[Result "0-1"]
[WhiteElo "2562"]
[BlackElo "2442"]
[TimeControl "180+1"]
[EndTime "10:58:57 PST"]
[Termination "Niktlt won by resignation"]

1. e4 e6 2. d4 d5 3. Nd2 Be7 4. Bd3 Nf6 5. e5 Nfd7 6. Ne2 c5 7. c3 Nc6 8. Nf3 a5 9. O-O c4 10. Bc2 b5 11. Nf4 Ba6 12. Nh5 Bf8 13. Bg5 Qb6 14.
Qd2 h6 15. Bh4 g5 16. Bg3 O-O-O 17. Rfe1 Be7 18. Rab1 Kb7 19. b3 cxb3 20. Bxb3 Ka7 21. Bc2 Rb8 22. Bd3 Rhc8 23. Qe2 a4 24. Nf6 Nf8 25.
Rec1 Na5 26. Ng8 Ba3 27. Rc2 Rb7 28. Nxh6 Rbc7 29. Qd2 Nc4 30. Qe1 Qa5 31. Nxg5 Nb2 32.
Be2 Rxc3 33. Rxc3 Qxc3 34. h4 b4 35. Bxa6 Kxa6 36. Nhxf7 Qxe1+ 37. Rxe1 Nd3 38. Rb1 Rc2 39. Nd8 Rxa2 40. Ngxe6 Nxe6 41. Nxe6 Rc2 42. h5 Bc1 43.
f4 a3 44. h6 Rc8 45. h7 a2 46. Ra1 b3 47. Nc7+ Kb7 48. Nxd5 b2 49. Rxa2 b1=Q 50.
Nc3 Be3+ 51. Kh2 Qg1+ 52. Kh3 Qh1+ 53. Kg4 Qxh7 54. Ne2 Qg8+ 55. Kf3 Qxa2 0-1

[Event "*** Titled Tuesday Blitz"]
[Site "Chess.com"]
[Date "2021.03.09"]
[Round "5"]
[White "MasterKroket"]
[Black "LenkaPtacnikova"]
[Result "1-0"]
[WhiteElo "2476"]
[BlackElo "2129"]
[TimeControl "180+1"]
[EndTime "10:58:57 PST"]
[Termination "MasterKroket won on time"]

1. d4 Nf6 2. c4 e6 3. Nf3 Bb4+ 4. Bd2 c5 5. dxc5 a5 6. Bxb4 axb4 7. e3 Na6 8. Qa4 Qc7 9. Nbd2 Qxc5 10. Nb3 Qc7 11. c5 O-O 12. Bxa6 bxa6 13. Qxb4 Rb8 14. Qd4 Bb7 15.
O-O Rfc8 16. Ne5 Bd5 17. Rfc1 Qb7 18. f3 Bxb3 19. axb3 Qxb3 20. Rxa6 Qxb2 21. Qxb2 Rxb2 22. e4 Rb5 23. Nd3 Kf8 24. Kf2 Ke7 25. Ke3 g5 26.
Kd4 Rb3 27. Ra7 Ke8 28. Ne5 Rcb8 29. Nc4 R8b4 30. Ke5 Nh5 31. Kd6 Rd3+ 32. Kc7 Ke7 33. e5 Nf4 34. c6 Nxg2 35. Nd6 Nf4 36. cxd7 Nd5+ 37. Kc6 1-0

[Event "*** Titled Tuesday Blitz"]
[Site "Chess.com"]
[Date "2021.03.09"]
[Round "5"]
[White "Vamostodorecto"]
[Black "Steegersee"]
[Result "0-1"]
[WhiteElo "2369"]
[BlackElo "2250"]
[TimeControl "180+1"]
[EndTime "10:58:57 PST"]
[Termination "Steegersee won on time"]

1. d4 Nf6 2. c4 e6 3. Nc3 Bb4 4. e3 O-O 5. Bd2 Re8 6. Nf3 d5 7.
cxd5 exd5 8. Bd3 c5 9. dxc5 Bxc5 10. O-O Nc6 11. Rc1 Bg4 12. h3 Bh5 13. Ne2 Bb6 14. Nf4 Bxf3 15. Qxf3 Ne5 16. Qe2 Nxd3 17. Qxd3 d4 18.
exd4 Qxd4 19. Qxd4 Bxd4 20. Rc7 Ne4 21. Bc1 Nxf2 22.
Kh2 g5 23. Rd7 Rad8 24. Rxd4 Rxd4 25. Nh5 Re2 26. Bxg5 Rd1 27. Rxd1 Nxd1 28. Bf6 Nxb2 29. Nf4 Rd2 30. Bc3 Rc2 31. Bd4 Nc4 32. Nd5 Nd6 33. Nf6+ Kf8 34. Nxh7+ Ke7 35. Nf6 Rxa2 36. h4 Nf5 0-1

[Event "*** Titled Tuesday Blitz"]
[Site "Chess.com"]
[Date "2021.03.09"]
[Round "5"]
[White "Shahaliyev"]
[Black "tandaleo"]
[Result "1-0"]
[WhiteElo "2644"]
[BlackElo "2347"]
[TimeControl "180+1"]
[EndTime "10:58:58 PST"]
[Termination "Shahaliyev won by checkmate"]

1. e4 e5 2. Nf3 Nc6 3. Bb5 a6 4. Ba4 Nf6 5. Bxc6 dxc6 6. d3 Bd6 7. Nbd2 O-O 8. Nf1 c5 9. Ne3 Nd7 10. Nc4 b5 11. Na5 Qe8 12. O-O f5 13. exf5 Nf6 14. Nh4 e4 15. g3 exd3 16. Qxd3 c4 17. Qf3 Rb8 18. Bf4 Qe4 19. Bxd6 cxd6 20. Qxe4 Nxe4 21.
Rfe1 d5 22. Nc6 Rb7 23. Rad1 Nf6 24. Ne7+ Kh8 25. Nxd5 Nxd5 26. Rxd5 Rbf7 27. g4 Bb7 28. Rd2 Kg8 29. Re3 Rf6 30. f4 Rh6 31. Nf3 Bxf3 32.
Rxf3 Re8 33. Kg2 Re1 34. Rff2 Rc6 35. Rde2 Rd1 36. Rd2 Rb1 37. c3 a5 38. Rfe2 Kf7 39.
Rd7+ Kf8 40. Rb7 b4 41. Rd2 bxc3 42. Rd8# 1-0

[Event "*** Titled Tuesday Blitz"]
[Site "Chess.com"]
[Date "2021.03.09"]
[Round "5"]
[White "Skat2704"]
[Black "ViktoriyaTarasova"]
[Result "1-0"]
[WhiteElo "2581"]
[BlackElo "2322"]
[TimeControl "180+1"]
[EndTime "10:58:59 PST"]
[Termination "Skat2704 won by checkmate"]

1. d4 Nf6 2. c4 e6 3. Nf3 b6 4.
g3 Ba6 5. Qc2 d5 6. cxd5 exd5 7.
Bg2 Bd6 8. Nc3 O-O 9. O-O Nbd7 10. Nh4 Bb7 11. Nf5 Bb4 12. Nb5 c6 13. Nbd6 Bxd6 14. Nxd6 Ba6 15. Qxc6 Bxe2 16. Re1 Ba6 17. Bg5 h6 18. Bxf6 Nxf6 19. Re5 Ng4 20. Rxd5 Qf6 21. Nf5 Qxc6 22. Ne7+ Kh8 23. Nxc6 Bb7 24. Rd7 Bxc6 25. Bxc6 Rad8 26. Rxd8 Rxd8 27. d5 Nf6 28. Rd1 Rd6 29.
Kg2 Kg8 30. Kf3 Kf8 31. Kf4 Ke7 32. Re1+ Kd8 33. Ke5 Ke7 34. Kd4+ Kd8 35. b4 h5 36. b5 g6 37. Re3 g5 38. Ra3 Ng4 39. Rxa7 Nxf2 40.
Rxf7 Ng4 41. h3 Nh6 42. Rb7 Nf5+ 43. Ke5 g4 44. Kxf5 gxh3 45. Ke5 Rh6 46. d6 h2 47.
Rb8# 1-0

[Event "*** Titled Tuesday Blitz"]
[Site "Chess.com"]
[Date "2021.03.09"]
[Round "5"]
[White "SwitchOnTwitch"]
[Black "Manukyan_Artak"]
[Result "1-0"]
[WhiteElo "2118"]
[BlackElo "2387"]
[TimeControl "180+1"]
[EndTime "10:58:59 PST"]
[Termination "SwitchOnTwitch won on time"]

1. d4 Nf6 2. c4 g6 3. Nf3 Bg7 4. g3 O-O 5. Bg2 d6 6. Nc3 c5 7.
d5 e5 8. e4 Na6 9. O-O Nc7 10. a3 a5 11. Rb1 b6 12. b4 axb4 13.
axb4 Ba6 14. Nd2 h5 15. b5 Bc8 16. Bb2 h4 17. Ra1 Rxa1 18. Qxa1 hxg3 19. fxg3 Bh6 20.
Nf3 Be3+ 21. Kh1 Kg7 22. Bc1 Ng4 23. Nd1 Bxc1 24. Qxc1 Rh8 25. Kg1 Rh5 26. Nf2 Ne8 27. Qa3 Nef6 28. Nxg4 Bxg4 29. Nh4 Be2 30. Rc1 Rg5 31.
Qe3 Nxe4 32. Qxe2 Nf6 33. Rf1 Nh5 34. Nf3 Rf5 35. Qd2 e4 36. Nh4 Rxf1+ 37. Bxf1 f5 38.
Ng2 Qf6 39. Be2 Qa1+ 40. Qe1 1-0

[Event "*** Titled Tuesday Blitz"]
[Site "Chess.com"]
[Date "2021.03.09"]
[Round "5"]
[White "WilliamSchill"]
[Black "suyu28"]
[Result "1-0"]
[WhiteElo "2050"]
[BlackElo "2606"]
[TimeControl "180+1"]
[EndTime "10:58:59 PST"]
[Termination "WilliamSchill won on time"]

1. e4 e5 2. Nf3 Nc6 3. Nc3 Bc5 4. Nxe5 Nxe5 5. d4 Bd6 6. dxe5 Bxe5 7. Qf3 Nf6 8. Bf4 d6 9. Bxe5 dxe5 10. Bc4 O-O 11. h3 Be6 12. Bxe6 fxe6 13. Rd1 Qe7 14. Qe2 Rad8 15. O-O Rxd1 16. Rxd1 Rd8 17. Rxd8+ Qxd8 18. Qd3 Qxd3 19. cxd3 a6 20. Kf1 b5 21. Ke2 Kf7 22.
Ke3 Ke7 23. g3 c5 24. f4 exf4+ 25. gxf4 Nd7 26. d4 c4 27. d5 Nb6 28. Kd4 exd5 29. Nxd5+ Nxd5 30. Kxd5 Kd7 31. a4 bxa4 32. Kxc4 Kd6 33. Kb4 g5 34. fxg5 Ke5 35. h4 Kxe4 36. h5 Kf5 37. g6 hxg6 38. hxg6 Kxg6 39. Kxa4 Kf6 40. Ka5 Ke6 41. Kxa6 Kd5 42. b4 Kc4 43. b5 1-0

[Event "*** Titled Tuesday Blitz"]
[Site "Chess.com"]
[Date "2021.03.09"]
[Round "5"]
[White "SanchezKelvin"]
[Black "MasterMK73"]
[Result "1-0"]
[WhiteElo "2585"]
[BlackElo "2297"]
[TimeControl "180+1"]
[EndTime "10:58:59 PST"]
[Termination "SanchezKelvin won by resignation"]

1. d4 d5 2. c4 e6 3. Nf3 c6 4. Nc3 dxc4 5. a4 Bb4 6. Bd2 a5 7. e3 b5 8. Ne5 Nf6 9. g4 Nd5 10. axb5 Bxc3 11. bxc3 cxb5 12. e4 Nb6 13. Qb1 Bd7 14.
Rg1 f6 15. Nxd7 Qxd7 16. g5 f5 17. exf5 exf5 18. Rg3 O-O 19. Bg2 Re8+ 20. Kf1 Ra7 21. g6 h6 22. Rf3 Rf8 23. Bh3 Qd5 24. Bg2 Qe6 25. Bf4 N8d7 26. Qxb5 Qd5 27. Qb2 a4 28. Re3 a3 29. Bxd5+ Nxd5 30. Rxa3 Rxa3 31. Qxa3 Nxf4 32.
Qd6 Nf6 33. Qxf4 Nd5 34. Qe5 Nxe3+ 35. fxe3 Rf6 36. Qe8+ Rf8 37. Qe6+ Kh8 38. Qxc4 f4 39. e4 f3 40. e5 1-0

[Event "*** Titled Tuesday Blitz"]
[Site "Chess.com"]
[Date "2021.03.09"]
[Round "5"]
[White "dodorox"]
[Black "elegant285"]
[Result "1-0"]
[WhiteElo "2132"]
[BlackElo "2263"]
[TimeControl "180+1"]
[EndTime "10:58:59 PST"]
[Termination "dodorox won on time"]

1. d4 Nf6 2. c4 e6 3. Nc3 Bb4 4. Bd2 O-O 5. e3 b6 6. Nf3 Bb7 7. Rc1 d5 8. cxd5 exd5 9. Bd3 Re8 10. Ne5 c5 11. f4 Nbd7 12. O-O Rc8 13. Be1 c4 14. Bb1 a6 15. Bh4 Be7 16. Qf3 Nf8 17.
g4 b5 18. g5 Ne4 19. Nxe4 dxe4 20. Bxe4 Bxe4 21. Qxe4 Bd6 22. Qf3 Bxe5 23. fxe5 Qd7 24.
Bg3 Ng6 25. h4 b4 26. h5 Nf8 27. Qe2 c3 28. bxc3 bxc3 29. Qd3 Qh3 30. e4 Qxh5 31. Qf3 Qxg5 32. Qxf7+ Kh8 33. Qf3 c2 34. Kh2 Ng6 35.
Qf5 1-0

[Event "*** Titled Tuesday Blitz"]
[Site "Chess.com"]
[Date "2021.03.09"]
[Round "5"]
[White "enriquetejedor"]
[Black "kingofthenil"]
[Result "1-0"]
[WhiteElo "2549"]
[BlackElo "2774"]
[TimeControl "180+1"]
[EndTime "10:59:00 PST"]
[Termination "enriquetejedor won on time"]

1. e4 Nc6 2. Nf3 d5 3. exd5 Qxd5 4. Nc3 Qh5 5. Bb5 Bg4 6. d4 O-O-O 7. Bxc6 bxc6 8. Be3 Bxf3 9. gxf3 e5 10. Qe2 Bb4 11.
Qa6+ Kd7 12. O-O-O e4 13. Nxe4 Nf6 14. Nxf6+ gxf6 15. d5 Qxf3 16. Qxc6+ Kc8 17. Qa6+ Kd7 18. Qa4+ Kc8 19. Qxb4 Rxd5 20. Rxd5 Qxd5 21. Rd1 Qxa2 22. Qg4+ Kb8 23. Qb4+ Kc8 24. Qa3 Qxa3 25. bxa3 a6 26. Rg1 Kd7 27. Bd4 Ke6 28. Re1+ Kd6 29. Bxf6 Rg8 30. Be5+ Kd7 31. Bg3 Rg5 32. Re5 Rg4 33. Rh5 Rg7 34. Rh6 a5 35. Ra6 Rg5 36. Rh6 c5 37.
Rxh7 Ke6 38. Rh6+ f6 39. Rh8 f5 40. Ra8 Rg4 41. Rxa5 f4 42. Rxc5 fxg3 43. hxg3 Rg8 44. Rc3 Kd6 45. Rb3 Kd5 46. Kb2 Kc4 47. Rb4+ Kc5 48. g4 Rf8 49. f4 Rg8 50. g5 Rg6 51. Kb3 Kd5 52. a4 Kc5 53. Rb5+ Kc6 54. c3 Rg8 55. c4 Kd6 56. Kb4 Kc6 57. a5 Kc7 58. a6 Kc6 59. Ka5 Rd8 60. a7 Kc7 61. Rb8 Rd1 62.
a8=Q Ra1+ 63. Kb4 Rb1+ 64. Kc5 Rxb8 65. Qc6+ Kd8 66. Kd6 Rb7 67. Qxb7 1-0

[Event "*** Titled Tuesday Blitz"]
[Site "Chess.com"]
[Date "2021.03.09"]
[Round "5"]
[White "ShcufNaiRolf"]
[Black "VladaSviridova"]
[Result "1-0"]
[WhiteElo "2377"]
[BlackElo "2211"]
[TimeControl "180+1"]
[EndTime "10:59:00 PST"]
[Termination "ShcufNaiRolf won on time"]

1. e4 e6 2. d4 d5 3. Nc3 Bb4 4.
exd5 exd5 5. Bd3 Nc6 6. Nf3 Nge7 7. O-O Bg4 8. h3 Bxf3 9. Qxf3 Nxd4 10. Qg4 Bxc3 11. bxc3 Ne6 12. c4 d4 13. Ba3 O-O 14.
Qe4 g6 15. f4 Re8 16. Qxb7 Rb8 17. Qf3 Ng7 18. g4 f5 19. Rae1 Qd7 20. Re2 Nc6 21. Qd5+ Qxd5 22. cxd5 Rxe2 23. Bxe2 Na5 24. Rd1 Rd8 25.
Rxd4 Nc6 26. Rd1 Nb8 27. c4 Nd7 28. c5 Nf6 29. Bf3 fxg4 30. hxg4 h5 31. g5 Nd7 32. d6 cxd6 33. Rxd6 Ne8 34. Rxg6+ Kh7 35. Ra6 Nb8 36. Rxa7+ Kg8 37. Be4 Rd4 38. Bh7+ Kf8 39. c6+ 1-0

[Event "*** Titled Tuesday Blitz"]
[Site "Chess.com"]
[Date "2021.03.09"]
[Round "5"]
[White "Jospem"]
[Black "DFeco"]
[Result "1-0"]
[WhiteElo "2932"]
[BlackElo "2297"]
[TimeControl "180+1"]
[EndTime "10:59:01 PST"]
[Termination "Jospem won by checkmate"]

1. e4 e5 2. Nf3 Nc6 3. Bb5 g6 4. c3 a6 5. Ba4 d6 6. d4 Bd7 7. O-O Bg7 8. h3 Nf6 9. Bc2 O-O 10. Be3 Re8 11. Nbd2 h6 12. Re1 Kh7 13. a3 Qe7 14. d5 Nd8 15. c4 Ng8 16. b4 Rf8 17. c5 f5 18. cxd6 cxd6 19. Nc4 f4 20. Bd2 g5 21.
Nb6 Rb8 22. Ba4 Bxa4 23. Qxa4 Nf6 24. Rac1 Nf7 25. Rc3 h5 26. Qc2 g4 27. Nh4 Nh6 28.
Rc7 Qd8 29. Bxf4 Ne8 30. Bxh6 Qxc7 31. Qxc7 Nxc7 32. Bxg7 Kxg7 33. Nd7 Nb5 34. Nxb8 Rxb8 35. Nf5+ Kf6 36. hxg4 hxg4 37. a4 Nc3 38. Nxd6 Nxa4 39. Rc1 b6 40. Rc6 Kg7 41. Nf5+ Kf7 42. Rc7+ Kf6 43.
Rc6+ Kf7 44. Nh6+ Kg7 45. Nxg4 b5 46. Nxe5 Nb2 47. f4 a5 48. Rc7+ Kg8 49. Nd7 Rd8 50.
Nf6+ Kf8 51. e5 Nc4 52. e6 Rd6 53. Rf7# 1-0

[Event "*** Titled Tuesday Blitz"]
[Site "Chess.com"]
[Date "2021.03.09"]
[Round "5"]
[White "atwalcb"]
[Black "CrushingKings"]
[Result "0-1"]
[WhiteElo "2527"]
[BlackElo "2409"]
[TimeControl "180+1"]
[EndTime "10:59:01 PST"]
[Termination "CrushingKings won on time"]

1. d4 Nf6 2. Bg5 e6 3. e4 h6 4.
Bxf6 Qxf6 5. c3 d6 6. Bd3 Nd7 7. Ne2 e5 8. O-O c5 9. Nd2 Be7 10. f4 exd4 11. cxd4 cxd4 12. Nf3 O-O 13. Nfxd4 Nc5 14.
b4 Nxd3 15. Qxd3 Bd8 16. a4 a6 17. a5 Re8 18. Nc3 Be6 19. Rae1 Rc8 20. Nd5 Bxd5 21. exd5 Rxe1 22. Rxe1 Be7 23. Qe4 Rc4 24. Qxe7 Qxd4+ 25. Kh1 Qxd5 26. f5 Rf4 27. Qe3 Rxf5 28. h3 Re5 29. Qf2 Qc4 30. Rf1 Re2 31. Qf3 Re7 32. Rb1 d5 33. Rd1 d4 34. Qf4 Rd7 35. Qf5 Qe6 36. Qf4 d3 37. Qb8+ Kh7 38. Qf4 g6 39. Rd2 Kg7 0-1

[Event "*** Titled Tuesday Blitz"]
[Site "Chess.com"]
[Date "2021.03.09"]
[Round "5"]
[White "Zmeeed63"]
[Black "TST2014"]
[Result "1-0"]
[WhiteElo "2463"]
[BlackElo "2605"]
[TimeControl "180+1"]
[EndTime "10:59:02 PST"]
[Termination "Zmeeed63 won on time"]

1. d4 Nf6 2. c4 c5 3. d5 b5 4.
cxb5 a6 5. Nc3 axb5 6. e4 b4 7.
Nb5 d6 8. Bf4 g5 9. Bxg5 Nxe4 10. Bf4 Ra6 11. Bc4 Bg7 12. Qe2 Nf6 13. Nf3 O-O 14.
O-O Nbd7 15. Rfe1 Nb6 16. Nxd6 Nxc4 17. Nxc4 Nxd5 18. Be5 Re6 19. Qd2 f6 20. Bg3 Rxe1+ 21. Rxe1 e5 22. Rd1 Be6 23. Ne3 Rf7 24. Ng4 Rd7 25.
Nh6+ Kh8 26. Qc1 Nf4 27. Rxd7 Qxd7 28. Bxf4 exf4 29. h3 Bxh6 30. Qxc5 Qb7 31. Qd4 Kg7 32. b3 Kf7 33. Nd2 Qd5 34. Qa7+ Kg6 35. Nc4 f3 36. Ne3 Bxe3 37. Qxe3 fxg2 38. Qf4 Kf7 39. Qxb4 Bxh3 40.
Qe1 1-0

[Event "*** Titled Tuesday Blitz"]
[Site "Chess.com"]
[Date "2021.03.09"]
[Round "5"]
[White "ChristopherYoo"]
[Black "K_A_S_T_O_R"]
[Result "1-0"]
[WhiteElo "2939"]
[BlackElo "2802"]
[TimeControl "180+1"]
[EndTime "10:59:03 PST"]
[Termination "ChristopherYoo won by resignation"]

1. d4 d5 2. Nf3 Nf6 3. c4 c6 4.
e3 Bg4 5. Qb3 Qb6 6. Ne5 Be6 7.
Nc3 dxc4 8. Bxc4 Bxc4 9. Qxc4 e6 10. O-O Be7 11. e4 O-O 12. Be3 Qa6 13. Qxa6 Nxa6 14. a3 Rfd8 15. Rfd1 Nc7 16. Rac1 Nd7 17. Nc4 b6 18.
Bf4 Rac8 19. Bd6 Kf8 20. e5 Ne8 21. Bxe7+ Kxe7 22. Ne4 Nb8 23. b4 Rd5 24. Ne3 Rdd8 25. f4 f5 26. Nc3 Nc7 27. a4 Rd7 28. b5 Rcd8 29. bxc6 Nxc6 30. d5 exd5 31. Nxf5+ Ke6 32. Nd6 d4 33. Ne2 Nxe5 34. fxe5 Kxe5 35. Nc4+ Ke4 36. Rf1 d3 37. Ng3+ Kd4 38. Nf5+ Kd5 39. Rf3 Ke6 40. Re1+ Kd5 41. Ne5 Re8 42. Rxd3+ Kc5 43. Nxd7+ 1-0

[Event "*** Titled Tuesday Blitz"]
[Site "Chess.com"]
[Date "2021.03.09"]
[Round "5"]
[White "FGHSMN"]
[Black "PavelChernomordik"]
[Result "0-1"]
[WhiteElo "2673"]
[BlackElo "2386"]
[TimeControl "180+1"]
[EndTime "10:59:03 PST"]
[Termination "PavelChernomordik won by resignation"]

1. e4 g6 2. d4 Bg7 3. Nc3 d6 4. f4 a6 5. Nf3 b5 6. Bd3 Nd7 7. O-O c5 8. dxc5 Nxc5 9. Be3 Bb7 10. e5 Nxd3 11. cxd3 Nh6 12. d4 O-O 13. d5 Ng4 14. Bd4 b4 15. Ne2 dxe5 16. fxe5 Qxd5 17. Nf4 Qe4 18.
Nd3 Ne3 19. Nc5 Nxd1 20. Nxe4 Bxe4 21. Raxd1 Rac8 22. Ng5 Bd5 23. a3 bxa3 24. bxa3 Rc2 25. Rf2 Rfc8 26. h3 Rxf2 27. Bxf2 e6 28. Bd4 Rc2 29. Nf3 Bf8 30. Rb1 Bxa3 31. Rb8+ Kg7 32. Be3 Bc5 33. Nd4 Rxg2+ 34. Kf1 Rg3 35. Nxe6+ fxe6 36. Bxc5 Rxh3 37. Be7 Kh6 38. Bf6 Kh5 39. Rh8 Kg4 40. Ke2 Kf5 41. Rc8 Ke4 42. Rc1 Rh2+ 43. Kd1 a5 44. Ke1 a4 45. Ra1 Rh1+ 0-1

[Event "*** Titled Tuesday Blitz"]
[Site "Chess.com"]
[Date "2021.03.09"]
[Round "5"]
[White "Magila31"]
[Black "toog"]
[Result "0-1"]
[WhiteElo "2219"]
[BlackElo "2378"]
[TimeControl "180+1"]
[EndTime "10:59:03 PST"]
[Termination "toog won on time"]

1. d4 Nf6 2. c4 g6 3. Nc3 Bg7 4. e4 d6 5. Be2 O-O 6. Nf3 e5 7. O-O Nc6 8. d5 Ne7 9. b4 a5 10. bxa5 c5 11. dxc6 Nxc6 12. Ba3 Qxa5 13. Bb2 Bg4 14.
Nd2 Bxe2 15. Qxe2 Nd4 16. Qd3 Nd7 17. Nb3 Nc5 18. Nxc5 Qxc5 19. Nd5 Ra4 20. Rfc1 Rfa8 21. a3 Bh6 22. Rc3 b5 23. cxb5 Qxb5 24. Qxb5 Nxb5 25.
Rb3 Nd4 26. Bxd4 Rxd4 27. f3 f5 28. Nc7 Raa4 29. Nb5 Rd2 30. Nc3 Rc4 31. a4 Be3+ 32.
Kf1 Bd4 33. Rc1 Rf2+ 34. Ke1 Rxg2 35. Na2 Rg1+ 36. Kd2 Rgxc1 37. Nxc1 Rxa4 38. Rb7 Ra7 39. Rb5 fxe4 40. fxe4 Rf7 41. Nd3 Kg7 42. Rd5 Rf6 43. Ke2 h5 44. h3 g5 45. Rb5 Kg6 46. Rb8 g4 47. Rg8+ Kh7 48. Rg5 gxh3 49. Rxh5+ Rh6 50. Rxh6+ Kxh6 51. Kf3 Bg1 0-1